AoeStats
← Erker

Arabia

509433304Analyzed
2v2 RM · 6d ago on Sep 26, 2026· 35m 58s· 4 players
Game mode
Random Map
Map size
Medium (4 player)
Population
200
Speed
Normal
Resources
Standard
Victory
Conquest
Starting age
Dark Age
Ending age
Imperial Age
RankedLock teamsTeams togetherTeam positionsShared explorationLock speedFull tech treeHidden civsTurbo modeCheats
Victory
Defeat
🇻🇪 Britons · Venezuela
1275
+12
🇻🇪 Franks · Venezuela
1110
+18
🇷🇴 Wei · Romania
1180
-15
🇷🇴 Byzantines · Romania
1164
-30
Erker
4:14 Loom
9:30 Feudal Age
11:08 Double-Bit Axe
11:37 Horse Collar
15:09 Bloodlines
17:05 Forging
18:02 Fletching
20:12 Scale Barding Armor
21:37 Scale Barding Armor
27:16 Castle Age
28:36 Bow Saw
31:25 Light Cavalry
Lemmy
6:40 Loom
9:16 Feudal Age
9:45 Loom
12:34 Double-Bit Axe
21:09 Fletching
23:41 Castle Age
21:37 Horse Collar
23:25 Wheelbarrow
22:46 Fletching
22:56 Padded Archer Armor
23:47 Crossbowman
24:34 Bodkin Arrow
25:01 Bow Saw
24:48 Gold Mining
25:37 Pikeman
26:31 Thumb Ring
31:56 Elite Skirmisher
Bothstarling2.0
6:51 Loom
9:11 Feudal Age
12:31 Double-Bit Axe
18:49 Gold Mining
22:40 Castle Age
22:46 Forging
22:41 Scale Barding Armor
22:49 Stone Mining
25:11 Iron Casting
28:22 Chain Barding Armor
28:16 Bow Saw
29:41 Stone Mining
30:28 Husbandry
31:09 Wheelbarrow
34:48 Gold Shaft Mining
aurelio
3:22 Loom
9:25 Feudal Age
10:01 Double-Bit Axe
12:39 Fletching
19:21 Wheelbarrow
24:04 Castle Age
23:27 Padded Archer Armor
23:09 Horse Collar
23:19 Gold Mining
24:08 Crossbowman
24:48 Bodkin Arrow
29:06 Ballistics
29:04 Leather Archer Armor
33:37 Bow Saw
33:28 Heavy Plow
34:03 Gold Shaft Mining
33:47 Hand Cart
Connection lost

Rejoining the realm…

Still unreachable

The connection could not be restored.

Session expired

The server has moved on; the page needs a fresh start.